 Dungeon Crawl Stone Soup version 0.30-a0-1035-g38d5fb2972 (webtiles) character file.

Game seed: 17747038988300111550

71 DeathPants the Stinger (level 4, -3/36 HPs)
             Began as a Naga Venom Mage on Apr 8, 2023.
             Slain by a worm (4 damage)
             ... on level 2 of the Dungeon.
             The game lasted 00:03:50 (1455 turns).

DeathPants the Stinger (Naga Venom Mage)            Turns: 1455, Time: 00:03:50

Health: -3/36      AC:  4    Str: 12    XL:     4   Next: 24%
Magic:  2/8        EV:  9    Int: 16    God:
Gold:   42         SH:  0    Dex: 11    Spells: 5/8 levels left

rFire   . . .      SeeInvis +    h - +0 dagger
rCold   . . .      Faith    .    (no shield)
rNeg    . . .      Spirit   .    a - +0 robe
rPois   +          Reflect  .    c - +1 helmet
rElec   .          Rampage  .    (no cloak)
rCorr   .                        (no gloves)
Will    .....                    (no barding)
Stlth   ++                       (no amulet)
HPRegen 0.26/turn                (no ring)
MPRegen 0.11/turn                (no ring)

@: very slow
A: AC +1, large, see invisible, deformed body, poison resistance, slowness 2,
spit poison 1, naga tail 1
a: Spit Poison


You were on level 2 of the Dungeon.
You visited 1 branch of the dungeon, and saw 2 of its levels.

You collected 42 gold pieces.

Inventory:

Hand Weapons
 h - a +0 dagger (weapon)
Missiles
 e - 2 boomerangs
Armour
 a - a +0 robe (worn)
 c - a +1 helmet (worn)
Potions
 b - a potion of magic
 d - a potion of mutation {unknown}
 f - a potion of might {unknown}
 g - 3 potions of curing {unknown}


   Skills:
 - Level 1.5 Dodging
 - Level 3.0 Stealth
 + Level 2.8 Spellcasting
 - Level 1.0 Transmutations
 * Level 5.9 Poison Magic


You had 5 spell levels left.
You knew the following spells:

 Your Spells              Type           Power      Damage    Failure   Level
a - Sting                 Tmut/Pois      52%        1d5       4%          1
b - Poisonous Vapours     Pois/Air       22%        N/A       9%          2

Your spell library contained the following spells:

 Spells                   Type           Power      Damage    Failure   Level
 Olgreb's Toxic Radiance  Pois           21%        N/A       17%         4
 Mephitic Cloud           Conj/Pois/Air  8%         N/A       26%         3
 Blink                    Tloc           4%         N/A       28%         2
 Lesser Beckoning         Tloc           4%         N/A       28%         2
 Momentum Strike          Conj/Tloc      4%         3d8       28%         2


Dungeon Overview and Level Annotations

Branches:
Dungeon (2/15)

Altars:


Innate Abilities, Weirdness & Mutations

Your serpentine skin is tough. (AC +1)
You have supernaturally acute eyesight. (SInv)
Armour fits poorly on your strangely shaped body.
Your system is resistant to poisons. (rPois)
You cover ground very slowly.
You can spit poison.
You have a snake-like lower body.


Message History

Aim: an adder (53% to hit)
The sting hits the adder.
The adder is poisoned.
The adder is moderately wounded.
You feel sick. The adder bites you.
You miss the adder.
The adder is heavily wounded.
You feel sick. The adder closely misses you. The worm barely misses you.
You miss the adder.
The adder is heavily wounded.
You feel sick. The adder closely misses you. The worm bites you!
You hit the adder.
The adder is almost dead.
You feel sick.
You are no longer poisoned.
You kill the adder!
Aiming: Sting (safe; 4% risk of failure)
Press: ? - help, Q - select action, (/) - cycle Shift-Dir - straight line, f - worm
Aim: a worm (90% to hit)
The sting hits the worm.
The worm is poisoned.
The worm is lightly wounded.
The worm bites you but does no damage.
Aiming: Sting (safe; 4% risk of failure)
Press: ? - help, Q - select action, (/) - cycle Shift-Dir - straight line, f/p - worm
Aim: a worm (poisoned, 90% to hit)
The sting hits the worm but does no damage.
The worm looks even sicker.
Aiming: Sting (safe; 4% risk of failure)
Press: ? - help, Q - select action, (/) - cycle Shift-Dir - straight line, f/p - worm
Aim: a worm (lightly wounded, very poisoned, 90% to hit)
The sting hits the worm.
The worm looks even sicker.
The worm is moderately wounded.
The worm bites you!
* * * LOW HITPOINT WARNING * * *
Aiming: Sting (safe; 4% risk of failure)
Press: ? - help, Q - select action, (/) - cycle Shift-Dir - straight line, f/p - worm
Aim: a worm (heavily wounded, very poisoned, 90% to hit)
The sting hits the worm.
The worm looks as sick as possible!
The worm is severely wounded.
The worm bites you.
You die...

#.#...#### #.# #.#.#....#
#.# .# #....###.## #.# .##
##.#.###..###.#...#
#.#.<.##..##.#...
#####.###.###....#.# ...###
....†.....)w....†..###....#
#####.###.######w†...#....#
#.# #.# #.@##.......# ..#
#.. #..# ##....# w..# ##..
#..#####....#### ....# ##.
#..##..........# ......
.##..##.....<....# .....##
.#..##........<.#
...##..........#
...######.###### ..


You could see a worm (extremely poisoned).

Vanquished Creatures
  3 adders (D:2)
  3 dart slugs (D:1)
  3 bats (D:1)
  4 endoplasms (D:1)
  A giant cockroach (D:1)
  2 goblins
  3 hobgoblins (D:1)
  6 jackals (D:1)
  A quokka (D:1)
  2 ball pythons (D:1)
  2 frilled lizards (D:1)
  7 rats (D:1)
37 creatures vanquished.

Vanquished Creatures (others)
  A plant (D:1)
1 creature vanquished.

Grand Total: 38 creatures vanquished

Notes
Turn   | Place    | Note
-------+----------+-------------------------------------------
     0 | D:1      | DeathPants the Naga Venom Mage began the quest for the Orb.
     0 | D:1      | Reached XP level 1. HP: 15/15 MP: 3/3
   163 | D:1      | Reached XP level 2. HP: 22/22 MP: 0/5
   166 | D:1      | Learned a level 2 spell: Poisonous Vapours
   321 | D:1      | Reached skill level 5 in Poison Magic
   469 | D:1      | Reached XP level 3. HP: 15/28 MP: 0/6
  1263 | D:1      | Found a faded altar of an unknown god.
  1359 | D:2      | Reached XP level 4. HP: 32/36 MP: 0/8
  1454 | D:2      | HP: 1/36 [worm (10)]
  1455 | D:2      | Slain by a worm

Illustrated notes

Levels and vault maps discovered:
D:1:      dpeg_arrival_pits, layout_loops_ring,
          shapermc_ecumenical_altar_hornbeckon, serial_bayou_pond_a
D:2:      layout_rooms

Skill      XL: |  1  2 |
---------------+-------+-----
Poison Magic   | 5 |  5.9
Dodging        | |  1.5
Stealth        | |  3.0
Spellcasting   | |  2.8
Transmutations | |  1.0

Action                     |  1- 3 |  4- 6 || total
---------------------------+-------+-------++-------
  Melee: Unarmed           |     4 |       ||     4
         Club              |    42 |       ||    42
         Dagger            |       |     3 ||     3
   Cast: Sting             |    50 |     8 ||    58
Ability: Spit Poison       |     1 |       ||     1
   Stab: Sleeping          |     2 |       ||     2
 Armour: Robe              |    21 |     1 ||    22
  Dodge: Dodged            |    41 |     4 ||    45

Table legend: (Time is in decaauts)
 A = Elapsed time spent in this place.
 B = Non-inter-level travel time spent in this place.
 C = Inter-level travel time spent in this place.
 D = Time resting spent in this place.
 E = Time spent auto-exploring this place.
 F = Levels seen in this place.
 G = Mean time per level.
                   A        B        C        D        E       F      G
               +--------+--------+--------+--------+--------+-----+--------+
         Total |   1762 |   1743 |     19 |    114 |   1263 |   2 |  881.0 |
       Dungeon |   1762 |   1743 |     19 |    114 |   1263 |   2 |  881.0 |
               +--------+--------+--------+--------+--------+-----+--------+

Top non-repeatable levels by time:
     D:1: 1564 daAuts
     D:2: 198 daAuts
